 Dungeon Crawl Stone Soup version 0.22-a0-185-ge330310 (webtiles) character file.

95 MatthieuS the Shooter (level 4, -6/38 HPs)
             Began as a Minotaur Hunter on Feb 15, 2018.
             Mangled by b5mith's ghost (18 damage)
             ... on level 3 of the Dungeon.
             The game lasted 00:05:26 (1829 turns).

MatthieuS the Shooter (Minotaur Hunter)             Turns: 1829, Time: 00:05:26

Health: -6/38      AC:  4    Str: 16 (17) XL:     4   Next: 40%
Magic:  3/3        EV: 12    Int:  6 (8)  God:
Gold:   80         SH:  0    Dex: 10 (11) Spells: 3/3 levels left

rFire    . . .     SeeInvis .   w - +1 shortbow
rCold    . . .     Gourm    .   (shield currently unavailable)
rNeg     . . .     Faith    .   c - +0 leather armour
rPois    .         Spirit   .   (helmet restricted)
rElec    .         Reflect  .   l - +0 cloak
rCorr    .         Harm     .   (no gloves)
MR       .....                  (no boots)
Stlth    +.........             (no amulet)
HPRegen  0.12/turn              (no ring)
MPRegen  0.08/turn              (no ring)

@: no status effects
A: retaliatory headbutt, horns 2
a: no special abilities


You were on level 3 of the Dungeon.
You were not hungry.

You visited 1 branch of the dungeon, and saw 3 of its levels.

You collected 80 gold pieces.

Inventory:

Hand Weapons
 a - a +0 dagger of speed
 w - a +1 shortbow (weapon)
Missiles
 d - 39 arrows (quivered)
Armour
 c - a +0 leather armour (worn)
 l - a +0 cloak (worn)
Jewellery
 k - an uncursed amulet of the gourmand {unknown}
Wands
 m - a wand of flame (13)
Scrolls
 e - a scroll of magic mapping {unknown}
 h - a scroll of noise {unknown}
 i - 3 scrolls of identify {unknown}
 j - a scroll of amnesia {unknown}
 o - 2 scrolls of teleportation {unknown}
 q - a scroll of remove curse {unknown}
Potions
 g - a potion of curing
 r - a potion of experience {unknown}
Comestibles
 b - 5 chunks of flesh
 f - 3 rations


   Skills:
 + Level 3.5 Fighting
 * Level 5.5 Bows
 + Level 3.1 Dodging
 - Level 0.7 Stealth


You had 3 spell levels left.
You didn't know any spells.

Dungeon Overview and Level Annotations

Branches:
Dungeon (3/15)

Altars:
Gozag

Annotations:
D:3 b5mith's ghost, amateur HuBe


Innate Abilities, Weirdness & Mutations

You reflexively headbutt those who attack you in melee.
You have a pair of horns on your head.


Message History

The puff of flame hits b5mith's ghost.
B5mith's ghost is lightly damaged.
B5mith's ghost whispers, "Death is liberation."
B5mith's ghost screams in joy, "As in life, so in death: Kill!
Kill!!
Kill!!!"
Evoke which item? (* to show all) (? for menu, Esc to quit)
Aiming: Throw Flame
Press: ? - help, Shift-Dir - straight line, f/p - b5mith's ghost
Aim: b5mith's ghost (lightly damaged)
The puff of flame hits b5mith's ghost.
B5mith's ghost appears unharmed.
B5mith's ghost is lightly damaged.
It was a potion of curing.
You feel better.
It was a potion of heal wounds.
You feel much better. B5mith's ghost hits you!
It was a potion of degeneration.
There was something very wrong with that liquid.
You feel weakened.
You feel dopey.
You feel clumsy. B5mith's ghost hits you!
* * * LOW HITPOINT WARNING * * *
There is a stone staircase leading up here.
B5mith's ghost hits you!!
You die...

#..(W....#
#.######(####.#
#.# #........#
#.####.#.###..#
#.##.....# #
#.##.#.#.###..#.
#.##.#.#........
#.##.#.#.##.....
#..W@....# ....
####.#........#.
#.########.# #.#
#.# #.# P.. ...


You could see b5mith's ghost.

Vanquished Creatures
  4 gnolls
  An adder (D:2)
  A worm (D:2)
  A dart slug (D:1)
  3 leopard geckos
  A ball python (D:2)
  A bat (D:2)
  A giant cockroach (D:1)
  5 goblins (D:1)
  8 hobgoblins
  2 jackals (D:2)
  A quokka (D:2)
  3 frilled lizards
  4 kobolds
  4 rats
40 creatures vanquished.

Notes
Turn   | Place    | Note
-------+----------+-------------------------------------------
     0 | D:1      | MatthieuS the Minotaur Hunter began the quest for the Orb.
     0 | D:1      | Reached XP level 1. HP: 18/18 MP: 0/0
     2 | D:1      | Noticed a ghoul
     4 | D:1      | Noticed a minotaur
     4 | D:1      | Noticed a formicid
     6 | D:1      | Noticed a dwarf
     6 | D:1      | Noticed a demigod
     8 | D:1      | Noticed a merfolk
     8 | D:1      | Noticed a gargoyle
    10 | D:1      | Noticed a tengu
    10 | D:1      | Noticed a draconian
    12 | D:1      | Noticed a vine stalker
    14 | D:1      | Noticed a felid
    14 | D:1      | Noticed a spriggan
    16 | D:1      | Noticed a centaur
    18 | D:1      | Noticed an ogre
    18 | D:1      | Noticed a troll
    20 | D:1      | Noticed a naga
    20 | D:1      | Noticed an elf
    22 | D:1      | Noticed a halfling
    24 | D:1      | Noticed a demonspawn
    24 | D:1      | Noticed an octopode
    26 | D:1      | Noticed a vampire
    26 | D:1      | Noticed a human
   217 | D:1      | Reached XP level 2. HP: 25/25 MP: 1/1
   644 | D:2      | Found an opulent altar of Gozag.
   694 | D:2      | Reached skill level 5 in Bows
   694 | D:2      | Reached XP level 3. HP: 29/31 MP: 2/2
  1207 | D:1      | Reached XP level 4. HP: 11/38 MP: 3/3
  1807 | D:3      | Noticed b5mith's ghost (amateur HuBe)
  1829 | D:3      | Mangled by b5mith's ghost

Vault maps used:
D:1:      kb_arrival_jail, kennysheep_pointless_box, minmay_misc_feat_plants,
          patterned_corridor
D:2:      serial_corexii_hall, corexii_hall_statues_l,
          corexii_hall_statues_deadend, grunt_gozag_statues
D:3:      kennysheep_goblin_castle, lemuel_doored_altar,
          guppyfry_early_lair_pool

Skill      XL: |  1  2  3 |
---------------+----------+-----
Fighting       | 3 |  3.5
Bows           | 5 |  5.5
Dodging        | 3 |  3.1
Stealth        | |  0.7

Action                   |  1- 3 |  4- 6 || total
-------------------------+-------+-------++-------
Melee: Short sword       |    40 |       ||    40
       Headbutt          |    12 |     4 ||    16
       Dagger            |    34 |    12 ||    46
 Fire: Shortbow          |     6 |    14 ||    20
Evoke: Wand              |     1 |     2 ||     3
  Use: Potion            |       |     3 ||     3
 Stab: Sleeping          |     2 |       ||     2
  Eat: Chunk             |     1 |     2 ||     3
Armor: Leather armour    |    12 |     2 ||    14
Dodge: Dodged            |    40 |     8 ||    48

Table legend:
 A = Spawn XP
 B = Non-spawn XP
 C = Spawn XP percentage of total XP
 D = Spawn monster count
 E = Non-spawn monster count
 F = Spawn count percentage of total count
 G = Total turns spent on level
                    A         B        C        D         E        F      G
               +---------+---------+-------+---------+---------+-------+---------
         Total |       0 |     137 |   0.0 |       0 |      40 |   0.0 |  1829
               +---------+---------+-------+---------+---------+-------+---------
           D:1 |       0 |      45 |   0.0 |       0 |      18 |   0.0 |   854
           D:2 |       0 |      88 |   0.0 |       0 |      20 |   0.0 |   930
           D:3 |       0 |       4 |   0.0 |       0 |       2 |   0.0 |    45
               +---------+---------+-------+---------+---------+-------+---------
